 Dungeon Crawl Stone Soup version v1.0-3-g0d6430d (webtiles) character file.

208 TheOrbIsALie the Conjurer (level 5, -8/38 HPs)
             Began as an Obsidian Dwarf Sorcerer on Sept 24, 2018.
             Mangled by an ogre
             ... wielding a cursed -1 giant club
              (20 damage)
             ... on level 3 of the Dungeon.
             The game lasted 00:03:27 (1812 turns).

TheOrbIsALie the Conjurer (Obsidian Dwarf Sorcerer) Turns: 1812, Time: 00:03:28

Health: -8/38      AC:  1    Str:  8    XL:     5   Next: 55%
Magic:  0/0        EV: 12    Int: 22    God:
Gold:   165        SH:  0    Dex:  9    Spells: 7/8 levels left

rFire    . . .     SeeInvis .   (no weapon)
rCold    . . .     Gourm    .   (no shield)
rNeg     . . .     Faith    .   b - -2 robe {Archmagi}
rPois    .         Spirit   .   (no helmet)
rElec    .         Reflect  .   (no cloak)
rCorr    .         Harm     +   (no gloves)
MR       .....                  k - +0 pair of boots
Stlth    ++........             (no amulet)
HPRegen  0.12/turn              (no ring)
MPRegen  0.07/turn              (no ring)

@: no status effects
A: no MP, cast from HP, harm
a: no special abilities


You were on level 3 of the Dungeon.
You were not hungry.

You visited 1 branch of the dungeon, and saw 3 of its levels.

You collected 165 gold pieces.

Inventory:

Armour
 b - a -2 robe of the Archmagi (worn)
 k - a +0 pair of boots (worn)
Scrolls
 a - 3 scrolls of identify {unknown}
 d - 4 scrolls of amnesia {unknown}
 g - 2 scrolls of fog {unknown}
 i - a scroll of enchant armour {unknown}
 j - a scroll of enchant weapon {unknown}
 l - a scroll of remove curse {unknown}
 p - a scroll of immolation {unknown}
Potions
 e - 2 potions of lignification
 f - a potion of resistance {unknown}
 h - a potion of mutation {unknown}
 m - a potion of curing {unknown}
 n - a potion of degeneration {unknown}
 o - a potion of haste {unknown}
Comestibles
 c - 8 rations
 q - a chunk of flesh


   Skills:
 - Level 2.0 Dodging
 - Level 1.7 Stealth
 - Level 2.1 Spellcasting
 - Level 5.6 Conjurations
 + Level 3.3 Fire Magic


You had 7 spell levels left.
You knew the following spells:

 Your Spells              Type           Power        Failure   Level  Hunger
a - Flame Tongue          Conj/Fire      ####.        1%          1    #......


Dungeon Overview and Level Annotations

Branches:
Dungeon (3/15)

Altars:
Xom


Message History

You feel a surge of power!
The flame tongue hits the bat.
You kill the bat!
The bat hits you. The bat barely misses you.
Casting: Flame Tongue (safe; 1% risk of failure)
Confirm with . or Enter, or press ? or * to list all spells.
Aiming: Flame Tongue (safe; 1% risk of failure)
Press: ? - help, Shift-Dir - straight line, f - bat
Aim: a bat You feel a surge of power!
The flame tongue hits the bat.
You kill the bat!
Casting: Flame Tongue (safe; 1% risk of failure)
Confirm with . or Enter, or press ? or * to list all spells.
Aiming: Flame Tongue (safe; 1% risk of failure)
Press: ? - help, Shift-Dir - straight line, f - ogre
Aim: an ogre, wielding a giant club You feel a surge of power!
The flame tongue hits the ogre.
The ogre is severely wounded.
The ogre hits you with a giant club!
Ouch! That really hurt!
You die...

.# ... .. #.###### .#
#......#### .#
#..^......# .#
#.^_^.)..# .# #.^^^....#
.# #........###.##
##........O@..#
#..>#...###..## .#
##...#...# ....## .#
##....#...# #.##..# #.#
#.b...##.## #.###.#
####.# #.######.##
#.....#####...... #.†.#
#).######...#....#....
#.#.#
#...)..........###(...
...#.#
###...†.........<.......


You could see an ogre.

Vanquished Creatures
  An orc priest (D:2)
  An orc wizard (D:2)
  Natasha (thrice) (D:2)
  Robin (D:2)
  An adder (D:3)
  3 worms
  A dart slug (D:1)
  An orc (D:2)
  10 bats
  2 giant cockroaches
  4 hobgoblins
  5 kobolds
  2 frilled lizards
  8 goblins (D:2)
  5 rats
48 creatures vanquished.

Notes
Turn   | Place    | Note
-------+----------+-------------------------------------------
     0 | D:1      | TheOrbIsALie the Obsidian Dwarf Sorcerer began the quest for the Orb.
     0 | D:1      | Reached XP level 1. HP: 14/14 MP: 0/0
    99 | D:1      | Reached skill level 1 in Conjurations
   423 | D:1      | Reached XP level 2. HP: 18/20 MP: 0/5
   444 | D:1      | Reached skill level 2 in Conjurations
   860 | D:2      | Noticed Natasha
   863 | D:2      | Killed Natasha
   863 | D:2      | Reached skill level 3 in Conjurations
   863 | D:2      | Reached XP level 3. HP: 23/26 MP: 0/6
   910 | D:2      | Reached skill level 4 in Conjurations
   910 | D:2      | Reached XP level 4. HP: 18/33 MP: 0/7
  1204 | D:2      | Noticed Robin
  1207 | D:2      | Killed Robin
  1207 | D:2      | Reached skill level 5 in Conjurations
  1223 | D:2      | Noticed Natasha
  1279 | D:2      | Killed Natasha
  1279 | D:2      | Reached XP level 5. HP: 15/38 MP: 0/8
  1298 | D:2      | Noticed Natasha
  1300 | D:2      | Killed Natasha
  1770 | D:3      | Found a shimmering altar of Xom.
  1786 | D:3      | Noticed an ogre
  1812 | D:3      | Mangled by an ogre

Skill      XL: |  1  2  3  4 |
---------------+-------------+-----
Conjurations   | 1 3 4 5 |  5.6
Dodging        | |  2.0
Stealth        | |  1.7
Spellcasting   | |  2.1
Fire Magic     | |  3.3

Action                   |  1- 3 |  4- 6 || total
-------------------------+-------+-------++-------
 Cast: Flame Tongue      |    25 |    52 ||    77
  Use: Potion            |     1 |       ||     1
  Eat: Chunk             |       |     3 ||     3
Armor: Robe              |     1 |     4 ||     5
Dodge: Dodged            |     4 |    26 ||    30
